[Event "FIDE WYCC Girls U16 2023"]
[Site "Montesilvano"]
[Date "2023.11.21"]
[Round "8.15"]
[White "Sana Omprakash Kayyar"]
[Black "Shubhi Gupta"]
[Result "1/2-1/2"]
[ECO "E05"]
[WhiteElo "1562"]
[BlackElo "1940"]
[Annotator "NA RC"]
[PlyCount "112"]
[EventDate "2023.11.13"]
[EventType "swiss"]
[EventCountry "ITA"]
[SourceTitle "playchess.com"]
[Source "ChessBase"]
[SourceQuality "1"]
[TimeControl "40/5400+30:1800+30"]

1. d4 d5 2. Nf3 Nf6 3. c4 e6 4. g3 Be7 5. Bg2 O-O 6. O-O dxc4 7. Qc2 a6 8. a4 Bd7 9. Qxc4 Bc6 10. Bf4 Bd6 11. Qc1 Nbd7 12. Re1 Nb6 13. Nc3 Nfd5 14. Bxd6 cxd6 15. a5 Nxc3 16. Qxc3 Nd5 17. Qd2 Nf6 18. Qb4 Qd7 19. Nd2 Bxg2 20. Kxg2 Rfc8 21. Rec1 Nd5 22. Qb3 f5 23. Nc4 Rc6 24. Rc2 Rac8 25. Rac1 h6 26. Nb6 Nxb6 27. axb6 Rxc2 28. Rxc2 Kf7 29. Rxc8 Qxc8 30. Qf3 Ke7 31. d5 e5 32. e4 fxe4 33. Qxe4 Kf7 34. h4 h5 35. f3 g6 36. Qa4 Ke7 37. Qe4 Kf6 38. f4 Qc5 39. fxe5+ dxe5 40. Qf3+ Ke7 41. Qe4 Qd6 42. Kh2 Kd7 43. Qa4+ Kd8 44. Qe4 Kd7 45. Qa4+ Ke7 46. Qe4 Kf7 47. Qf3+ Qf6 48. Qc3 Qf2+ 49. Kh3 Qf1+ 50. Kh2 Qe2+ 51. Kh3 Qg4+ 52. Kh2 Qe2+ 53. Kh3 Qf1+ 54. Kh2 Qf2+ 55. Kh3 Qf5+ 56. Kh2 Qf2+ 1/2-1/2

[Event "FIDE WYCC Girls U16 2023"]
[Site "Montesilvano"]
[Date "2023.11.21"]
[Round "8.16"]
[White "Sippola, Sara-Olivia"]
[Black "Sawan, Eman"]
[Result "0-1"]
[ECO "B09"]
[WhiteElo "1907"]
[BlackElo "1662"]
[Annotator "NA RC"]
[PlyCount "82"]
[EventDate "2023.11.13"]
[EventType "swiss"]
[EventCountry "ITA"]
[SourceTitle "playchess.com"]
[Source "ChessBase"]
[SourceQuality "1"]
[TimeControl "40/5400+30:1800+30"]

1. d4 Nf6 2. Nc3 g6 3. e4 d6 4. f4 Bg7 5. Nf3 O-O 6. Bd3 Nc6 7. O-O e5 8. fxe5 dxe5 9. d5 Ne7 10. Nxe5 Nxe4 11. Nxe4 Bxe5 12. Bg5 f5 13. Bc4 Kh8 14. Bh6 Ng8 15. Bxf8 Qxf8 16. Qe2 Qh6 17. Ng3 Bd6 18. Qf2 Qh4 19. Be2 Nf6 20. Bf3 g5 21. Rfd1 b6 22. Nf1 Bc5 23. Ne3 Qxf2+ 24. Kxf2 g4 25. Ke2 gxf3+ 26. Kxf3 Ng4 27. Nxg4 fxg4+ 28. Ke4 Bd7 29. Rf1 Re8+ 30. Kd3 Bb5+ 31. c4 Re3+ 32. Kd2 Bxc4 33. Rf8+ Kg7 34. Rf4 Re2+ 35. Kc3 Bxd5 36. Rxg4+ Kf6 37. Rf1+ Ke6 38. Rg7 b5 39. b4 Bd6 40. Rxh7 Be5+ 41. Kd3 Bc4# 0-1

[Event "FIDE WYCC Girls U16 2023"]
[Site "Montesilvano"]
[Date "2023.11.21"]
[Round "8.17"]
[White "Karaivanova, Petya"]
[Black "Tomcaniova, Lucia"]
[Result "1-0"]
[ECO "B38"]
[WhiteElo "1883"]
[BlackElo "1715"]
[Annotator "NA RC"]
[PlyCount "59"]
[EventDate "2023.11.13"]
[EventType "swiss"]
[EventCountry "ITA"]
[SourceTitle "playchess.com"]
[Source "ChessBase"]
[SourceQuality "1"]
[TimeControl "40/5400+30:1800+30"]

1. e4 c5 2. Nf3 Nc6 3. d4 cxd4 4. Nxd4 g6 5. c4 Bg7 6. Be3 Nf6 7. Nc3 d6 8. Be2 O-O 9. O-O Bd7 10. Nc2 a5 11. f4 Nb4 12. Nd4 Nc6 13. Ndb5 b6 14. Bf3 Rc8 15. Rc1 Rb8 16. Qe2 Qc8 17. h3 Qa6 18. Rfd1 Rfd8 19. e5 dxe5 20. Rxd7 Nxd7 21. Bxc6 Rbc8 22. Qf3 Rb8 23. Rd1 exf4 24. Qxf4 Ne5 25. Bd5 e6 26. Bd4 exd5 27. Bxe5 Bxe5 28. Qxe5 dxc4 29. Nd5 Rxd5 30. Qxb8+ 1-0

[Event "FIDE WYCC Girls U16 2023"]
[Site "Montesilvano"]
[Date "2023.11.21"]
[Round "8.18"]
[White "Momyn, Madina"]
[Black "Maria, Lia-Alexandra"]
[Result "0-1"]
[ECO "D02"]
[WhiteElo "1315"]
[BlackElo "1877"]
[Annotator "NA RC"]
[PlyCount "68"]
[EventDate "2023.11.13"]
[EventType "swiss"]
[EventCountry "ITA"]
[SourceTitle "playchess.com"]
[Source "ChessBase"]
[SourceQuality "1"]
[TimeControl "40/5400+30:1800+30"]

1. d4 Nf6 2. g3 e6 3. Bg2 c5 4. Nf3 Nc6 5. O-O d5 6. b3 Bd6 7. Bb2 O-O 8. Nbd2 cxd4 9. Nxd4 e5 10. Nxc6 bxc6 11. e4 Bg4 12. Qc1 Rc8 13. Ba3 Re8 14. c4 dxe4 15. Bxd6 Qxd6 16. Nxe4 Nxe4 17. Bxe4 f5 18. Bg2 f4 19. c5 Qf6 20. f3 Be6 21. Re1 Bd5 22. Qc3 h5 23. Re2 Re7 24. Rae1 Rce8 25. b4 Qg5 26. Qd2 Rf8 27. a4 Qg6 28. Rxe5 Rxe5 29. Rxe5 fxg3 30. hxg3 Bxf3 31. Rg5 Qb1+ 32. Bf1 Bd5 33. Qd3 Qe1 34. Qe2 Rxf1+ 0-1

[Event "FIDE WYCC Girls U16 2023"]
[Site "Montesilvano"]
[Date "2023.11.21"]
[Round "8.19"]
[White "Schebacher, Solene"]
[Black "Kanishka S"]
[Result "1/2-1/2"]
[ECO "B51"]
[WhiteElo "1859"]
[BlackElo "1656"]
[Annotator "NA RC"]
[PlyCount "91"]
[EventDate "2023.11.13"]
[EventType "swiss"]
[EventCountry "ITA"]
[SourceTitle "playchess.com"]
[Source "ChessBase"]
[SourceQuality "1"]
[TimeControl "40/5400+30:1800+30"]

1. e4 c5 2. Nf3 d6 3. Bb5+ Nd7 4. d4 cxd4 5. Qxd4 e5 6. Qd3 h6 7. Nc3 a6 8. Bc4 Ngf6 9. Be3 Qc7 10. a4 Nc5 11. Bxc5 Qxc5 12. O-O Be7 13. Bd5 Rb8 14. Nd2 O-O 15. a5 Bd7 16. Nc4 Bb5 17. Nxb5 Qxb5 18. Rfd1 Rfc8 19. Ne3 Qxd3 20. Rxd3 Kf8 21. Ra4 Nxd5 22. Rxd5 Rc6 23. Rd3 Rbc8 24. c3 Bg5 25. Nd5 Rc4 26. Rxc4 Rxc4 27. f3 Bd8 28. b4 Rc6 29. Kf2 b6 30. axb6 Bxb6+ 31. Nxb6 Rxb6 32. Ke3 Ke7 33. Rd5 Ke6 34. Kd3 f5 35. Kc4 fxe4 36. fxe4 Kd7 37. Kb3 Kc6 38. c4 Rb8 39. Kc3 Rf8 40. Rd2 Rf4 41. Kd3 Rf1 42. Kc3 Re1 43. Kd3 Rb1 44. Kc3 Re1 45. Kd3 Rb1 46. Kc3 1/2-1/2

[Event "FIDE WYCC Girls U16 2023"]
[Site "Montesilvano"]
[Date "2023.11.21"]
[Round "8.20"]
[White "Hayrapetyan, Nvard"]
[Black "Vlasova, Olesia"]
[Result "1-0"]
[ECO "C85"]
[WhiteElo "1462"]
[BlackElo "1850"]
[Annotator "NA RC"]
[PlyCount "53"]
[EventDate "2023.11.13"]
[EventType "swiss"]
[EventCountry "ITA"]
[SourceTitle "playchess.com"]
[Source "ChessBase"]
[SourceQuality "1"]
[TimeControl "40/5400+30:1800+30"]

1. e4 e5 2. Nf3 Nc6 3. Bb5 a6 4. Ba4 Nf6 5. O-O Be7 6. Bxc6 dxc6 7. d3 Bg4 8. h3 Bxf3 9. Qxf3 Qd6 10. Nd2 Qe6 11. Nc4 O-O-O 12. Bd2 h6 13. b4 c5 14. Rfb1 g5 15. b5 axb5 16. Rxb5 Rhg8 17. Rab1 b6 18. a4 g4 19. hxg4 Rxg4 20. a5 Rdg8 21. g3 Nh5 22. Be1 Bh4 23. Ne3 Rxg3+ 24. fxg3 Nxg3 25. Ng2 Qh3 26. Bxg3 Bxg3 27. Qf5+ 1-0

[Event "FIDE WYCC Girls U16 2023"]
[Site "Montesilvano"]
[Date "2023.11.21"]
[Round "8.21"]
[White "Berezovsky, Fiorina"]
[Black "Djukic, Katarina"]
[Result "0-1"]
[ECO "E81"]
[WhiteElo "1787"]
[BlackElo "1536"]
[Annotator "NA RC"]
[PlyCount "126"]
[EventDate "2023.11.13"]
[EventType "swiss"]
[EventCountry "ITA"]
[SourceTitle "playchess.com"]
[Source "ChessBase"]
[SourceQuality "1"]
[TimeControl "40/5400+30:1800+30"]

1. d4 Nf6 2. c4 g6 3. Nc3 Bg7 4. e4 d6 5. f3 O-O 6. Nge2 c5 7. Be3 Qa5 8. g4 Nc6 9. d5 Ne5 10. Ng3 a6 11. h4 b5 12. Be2 bxc4 13. h5 Rb8 14. Qd2 Bxg4 15. fxg4 Nfxg4 16. Nd1 Qxd2+ 17. Bxd2 Nd3+ 18. Bxd3 cxd3 19. Rb1 Be5 20. Rg1 Nh2 21. Kf2 Bd4+ 22. Be3 Ng4+ 23. Kf3 Nxe3 24. Nxe3 Bxb2 25. Rgd1 Rfc8 26. Nc4 Bf6 27. Rxb8 Rxb8 28. Rxd3 Rb4 29. Ne3 c4 30. Ra3 c3 31. Rxa6 Rb2 32. Ng4 Bg7 33. Ra8+ Bf8 34. a4 c2 35. Ne2 Rb3+ 36. Kf4 Rb1 37. a5 Re1 38. a6 Rxe2 39. Rc8 c1=Q+ 40. Rxc1 Ra2 41. h6 Rxa6 42. Rc8 f6 43. Rb8 Ra1 44. Rb7 Kf7 45. Rb8 Rh1 46. Kg3 Bxh6 47. Nf2 Rc1 48. Kg4 Bg7 49. Kh4 Rc2 50. Ng4 Rc4 51. Nf2 f5 52. Rb3 Bh6 53. Kg3 fxe4 54. Ng4 Bg7 55. Kf2 h5 56. Ne3 Bd4 57. Ke2 Bxe3 58. Kxe3 g5 59. Rb1 h4 60. Rh1 Kf6 61. Rf1+ Ke5 62. Rg1 Rc3+ 63. Kd2 Rg3 0-1

[Event "FIDE WYCC Girls U16 2023"]
[Site "Montesilvano"]
[Date "2023.11.21"]
[Round "8.22"]
[White "Hubert, Charlotte"]
[Black "Ismayil, Seljan"]
[Result "1-0"]
[ECO "C02"]
[WhiteElo "1881"]
[BlackElo "1384"]
[Annotator "NA RC"]
[PlyCount "93"]
[EventDate "2023.11.13"]
[EventType "swiss"]
[EventCountry "ITA"]
[SourceTitle "playchess.com"]
[Source "ChessBase"]
[SourceQuality "1"]
[TimeControl "40/5400+30:1800+30"]

1. e4 e6 2. d4 d5 3. e5 c5 4. c3 cxd4 5. cxd4 Bb4+ 6. Bd2 Bxd2+ 7. Qxd2 Nc6 8. Nc3 a6 9. Nf3 Nge7 10. Be2 Nf5 11. O-O h5 12. Rac1 Rg8 13. Ng5 Nfxd4 14. Bxh5 g6 15. Qf4 Nf5 16. Be2 Qc7 17. Nh7 Qxe5 18. Qxe5 Nxe5 19. Nf6+ Kf8 20. Nxg8 Kxg8 21. Na4 Bd7 22. Nb6 Rd8 23. Rc7 Bc6 24. f4 Nd7 25. Nxd7 Rxd7 26. Rxd7 Bxd7 27. Rc1 Bc6 28. Bxa6 d4 29. Bd3 Ne3 30. g3 Kg7 31. b4 f6 32. b5 Bd5 33. Rc7+ Kh6 34. a4 e5 35. fxe5 fxe5 36. Re7 Bc4 37. Bxc4 Nxc4 38. a5 Nxa5 39. Rxe5 Nb3 40. Rd5 Nd2 41. Kf2 Ne4+ 42. Ke1 Nc3 43. Re5 g5 44. Kd2 Kg6 45. Kd3 Kf6 46. Kxd4 b6 47. Rxg5 1-0

[Event "FIDE WYCC Girls U16 2023"]
[Site "Montesilvano"]
[Date "2023.11.21"]
[Round "8.23"]
[White "Seemann, Pola"]
[Black "Enkhrii Enkh-Amgalan"]
[Result "0-1"]
[ECO "B04"]
[WhiteElo "1685"]
[BlackElo "1821"]
[Annotator "NA RC"]
[PlyCount "66"]
[EventDate "2023.11.13"]
[EventType "swiss"]
[EventCountry "ITA"]
[SourceTitle "playchess.com"]
[Source "ChessBase"]
[SourceQuality "1"]
[TimeControl "40/5400+30:1800+30"]

1. e4 Nf6 2. e5 Nd5 3. c4 Nb6 4. d4 d6 5. exd6 cxd6 6. Nc3 g6 7. b3 Bg7 8. Bb2 O-O 9. Nf3 Bg4 10. Be2 d5 11. c5 Nc8 12. h3 Bxf3 13. Bxf3 e6 14. O-O Nc6 15. Ne2 N8e7 16. Qd2 Nf5 17. Bg4 Nh4 18. f4 h5 19. Bf3 Qf6 20. Rad1 a5 21. g3 Nf5 22. g4 Nh4 23. gxh5 gxh5 24. Kh2 Bh6 25. Bxh5 Kh8 26. Ng3 Rg8 27. Qf2 Ne7 28. Ne4 Qf5 29. Qxh4 Qxe4 30. Bg4 Nf5 31. Qf2 Ne3 32. Rde1 Rxg4 33. Qf3 Nxf1+ 0-1

[Event "FIDE WYCC Girls U16 2023"]
[Site "Montesilvano"]
[Date "2023.11.21"]
[Round "8.24"]
[White "Ogay, Anastassiya"]
[Black "Nuriyeva, Nurtan"]
[Result "0-1"]
[ECO "B52"]
[WhiteElo "1213"]
[BlackElo "1809"]
[Annotator "NA RC"]
[PlyCount "120"]
[EventDate "2023.11.13"]
[EventType "swiss"]
[EventCountry "ITA"]
[SourceTitle "playchess.com"]
[Source "ChessBase"]
[SourceQuality "1"]
[TimeControl "40/5400+30:1800+30"]

1. e4 c5 2. Nf3 d6 3. Bb5+ Bd7 4. Bxd7+ Qxd7 5. O-O Nc6 6. c3 g6 7. d4 cxd4 8. cxd4 Bg7 9. Nc3 Rc8 10. Be3 Na5 11. Rc1 Nc4 12. Qb3 Nxe3 13. fxe3 Nh6 14. h3 O-O 15. Qa4 Qxa4 16. Nxa4 f5 17. Ng5 Bf6 18. Ne6 Rxc1 19. Rxc1 Rb8 20. Rc7 Kf7 21. Rxb7 Rxb7 22. Nd8+ Ke8 23. Nxb7 fxe4 24. Nc3 Bg5 25. Nd1 Nf5 26. Kf2 h5 27. Na5 Kd7 28. d5 e6 29. dxe6+ Kxe6 30. Nc6 a6 31. Nb4 a5 32. Nc6 a4 33. g4 hxg4 34. hxg4 Bh4+ 35. Kg2 Nh6 36. Nd4+ Ke5 37. Kh3 Be1 38. b4 axb3 39. axb3 Kd5 40. Nb5 Kc5 41. Nbc3 d5 42. b4+ Kc4 43. b5 Nf7 44. b6 Nd6 45. Ne2 g5 46. Nd4 Ba5 47. b7 Nxb7 48. Ne6 Bd8 49. Nf2 Kc3 50. Kg3 Kd2 51. Nh3 Kxe3 52. Nhxg5 Bxg5 53. Nxg5 d4 54. Nxe4 Kxe4 55. Kf2 Nc5 56. g5 Kf5 57. Ke2 Kxg5 58. Kd2 Kf4 59. Kd1 Ke3 60. Ke1 d3 0-1

[Event "FIDE WYCC Girls U16 2023"]
[Site "Montesilvano"]
[Date "2023.11.21"]
[Round "8.25"]
[White "Ahn, Anastasia"]
[Black "Zhanybekova, Begimay"]
[Result "0-1"]
[ECO "B07"]
[WhiteElo "1795"]
[BlackElo "1664"]
[Annotator "NA RC"]
[PlyCount "102"]
[EventDate "2023.11.13"]
[EventType "swiss"]
[EventCountry "ITA"]
[SourceTitle "playchess.com"]
[Source "ChessBase"]
[SourceQuality "1"]
[TimeControl "40/5400+30:1800+30"]

1. d4 Nf6 2. Bf4 g6 3. Nc3 Bg7 4. e4 d6 5. Qd2 h6 6. h4 Nbd7 7. Nf3 c5 8. dxc5 Nxc5 9. e5 dxe5 10. Qxd8+ Kxd8 11. Nxe5 Be6 12. O-O-O+ Kc8 13. f3 a6 14. Nc4 Ncd7 15. Be3 b5 16. Nb6+ Nxb6 17. Bxb6 Nd7 18. Ba5 Ne5 19. Nd5 Nc6 20. Be1 Kb7 21. Bc3 Bxc3 22. Nxc3 Rhd8 23. Bd3 Rd7 24. Be4 Rad8 25. Rxd7+ Rxd7 26. Rd1 Rxd1+ 27. Kxd1 Kb6 28. Nd5+ Kc5 29. Nc7 Bc8 30. f4 e5 31. fxe5 Nxe5 32. g3 f5 33. Bg2 Nc4 34. Ke2 Nxb2 35. Nd5 Bb7 36. Nf4 Bxg2 37. Nxg2 Kb4 38. Kd2 Ka3 39. Nf4 Nc4+ 40. Kc1 Ne5 41. Kb1 b4 42. Ka1 a5 43. Kb1 Nc4 44. Ne2 Nd2+ 45. Kc1 Ne4 46. Nf4 g5 47. hxg5 hxg5 48. Nh5 Kxa2 49. Kd1 a4 50. Kc1 b3 51. c4 b2+ 0-1

[Event "FIDE WYCC Girls U16 2023"]
[Site "Montesilvano"]
[Date "2023.11.21"]
[Round "8.26"]
[White "Dulteva, Anastasia"]
[Black "Tadic, Ana"]
[Result "1/2-1/2"]
[ECO "B51"]
[WhiteElo "1498"]
[BlackElo "1791"]
[Annotator "NA RC"]
[PlyCount "88"]
[EventDate "2023.11.13"]
[EventType "swiss"]
[EventCountry "ITA"]
[SourceTitle "playchess.com"]
[Source "ChessBase"]
[SourceQuality "1"]
[TimeControl "40/5400+30:1800+30"]

1. e4 c5 2. Nf3 Nc6 3. Bb5 Nf6 4. d3 d6 5. Bxc6+ bxc6 6. O-O Bg4 7. h3 Bh5 8. Re1 e5 9. Nbd2 Be7 10. Nf1 Nd7 11. Ng3 Bg6 12. c3 O-O 13. d4 cxd4 14. cxd4 Qc7 15. dxe5 dxe5 16. Qc2 Rfd8 17. Be3 f6 18. Nh4 Bf7 19. Nhf5 Bf8 20. b3 Rac8 21. Red1 c5 22. Qe2 a5 23. Rac1 Qc6 24. Qg4 Bg6 25. Nh4 Be8 26. Nhf5 Kh8 27. Rd6 Qb7 28. Rd5 Nb6 29. Rxd8 Rxd8 30. Bxc5 Rc8 31. Be3 Rxc1+ 32. Bxc1 a4 33. Qd1 Qc7 34. Be3 a3 35. Qc1 Qxc1+ 36. Bxc1 Nc8 37. Ne3 Na7 38. Nc4 Nb5 39. Nf5 Bf7 40. Nfe3 Bxc4 41. Nxc4 Kg8 42. Kf1 Kf7 43. Ke1 Ke6 44. f3 h5 1/2-1/2

[Event "FIDE WYCC Girls U16 2023"]
[Site "Montesilvano"]
[Date "2023.11.21"]
[Round "8.27"]
[White "Kosma, Maria"]
[Black "Rice, Lauren"]
[Result "1-0"]
[ECO "B76"]
[WhiteElo "1780"]
[BlackElo "1529"]
[Annotator "NA RC"]
[PlyCount "123"]
[EventDate "2023.11.13"]
[EventType "swiss"]
[EventCountry "ITA"]
[SourceTitle "playchess.com"]
[Source "ChessBase"]
[SourceQuality "1"]
[TimeControl "40/5400+30:1800+30"]

1. e4 c5 2. Nf3 d6 3. d4 cxd4 4. Nxd4 Nf6 5. Nc3 g6 6. Be3 Bg7 7. f3 O-O 8. Qd2 Nc6 9. Nb3 Be6 10. O-O-O Nb4 11. Kb1 a5 12. a3 Bxb3 13. cxb3 Na6 14. Bc4 Nd7 15. Bh6 Ne5 16. Bxg7 Kxg7 17. Bxa6 bxa6 18. f4 Nd7 19. h4 Nc5 20. b4 axb4 21. axb4 Nd7 22. h5 Nf6 23. f5 gxf5 24. e5 Ne4 25. Nxe4 fxe4 26. Qf4 f5 27. exd6 exd6 28. Rxd6 Qe7 29. Rhd1 Rf7 30. g4 fxg4 31. Qxg4+ Kh8 32. Re6 Qc7 33. Qxe4 Raf8 34. Qd4+ Kg8 35. Qd5 Qf4 36. Rg1+ Kh8 37. Rxa6 Qf5+ 38. Qxf5 Rxf5 39. h6 Rb5 40. Rg7 Rh5 41. Rga7 Kg8 42. Ka2 Rb8 43. Ka3 Rh3+ 44. Ka4 Rh4 45. Rg7+ Kh8 46. Rb7 Rc8 47. Rf6 Rh2 48. Ka5 Kg8 49. Rfb6 Rxb2 50. Rb8 Rxb8 51. Rxb8+ Kf7 52. Rb6 Rb1 53. Rc6 Rh1 54. b5 Ke8 55. Kb6 Rh5 56. Rc8+ Kd7 57. Rc7+ Kd6 58. Rxh7 Rh1 59. Rh8 Kd7 60. h7 Rh6+ 61. Ka5 Rh3 62. Rb8 1-0

[Event "FIDE WYCC Girls U16 2023"]
[Site "Montesilvano"]
[Date "2023.11.21"]
[Round "8.28"]
[White "Vukovic, Sara"]
[Black "Bruntse, Kathrine Lindegaard"]
[Result "0-1"]
[ECO "D02"]
[WhiteElo "1340"]
[BlackElo "1746"]
[Annotator "NA RC"]
[PlyCount "74"]
[EventDate "2023.11.13"]
[EventType "swiss"]
[EventCountry "ITA"]
[SourceTitle "playchess.com"]
[Source "ChessBase"]
[SourceQuality "1"]
[TimeControl "40/5400+30:1800+30"]

1. d4 d5 2. Bf4 Nf6 3. Nf3 c5 4. e3 Nc6 5. c3 Qb6 6. Qc2 g6 7. dxc5 Qxc5 8. Bd3 Bg7 9. Nbd2 O-O 10. O-O Nh5 11. Bg3 Nxg3 12. hxg3 e5 13. Nb3 Qb6 14. e4 d4 15. Bc4 Bg4 16. Nh2 Bd7 17. Rfd1 Rac8 18. Bd5 Nb4 19. Qd2 Nxd5 20. exd5 Ba4 21. Nf3 Rfd8 22. cxd4 Rxd5 23. Rdc1 Rcd8 24. Nc5 Bc6 25. Rc4 exd4 26. b4 Bb5 27. Rcc1 d3 28. Rab1 Bf8 29. Ne4 f5 30. Nc3 R5d6 31. a4 Bc4 32. Nd1 Bf7 33. Ne3 Bh6 34. Rd1 Bxe3 35. fxe3 Re8 36. Kf2 Rc8 37. Nd4 Rxd4 0-1

[Event "FIDE WYCC Girls U16 2023"]
[Site "Montesilvano"]
[Date "2023.11.21"]
[Round "8.29"]
[White "Omeri, Eklea"]
[Black "Deak-Sala, Emilia"]
[Result "0-1"]
[ECO "E67"]
[WhiteElo "1660"]
[BlackElo "1927"]
[Annotator "NA RC"]
[PlyCount "84"]
[EventDate "2023.11.13"]
[EventType "swiss"]
[EventCountry "ITA"]
[SourceTitle "playchess.com"]
[Source "ChessBase"]
[SourceQuality "1"]
[TimeControl "40/5400+30:1800+30"]

1. d4 Nf6 2. c4 g6 3. Nc3 Bg7 4. g3 d6 5. Bg2 O-O 6. Nf3 Nbd7 7. e4 e5 8. d5 Nc5 9. Qc2 a5 10. O-O Nh5 11. Be3 b6 12. Nd2 f5 13. f3 f4 14. Bf2 fxg3 15. hxg3 g5 16. a3 a4 17. g4 Nf4 18. Bxc5 bxc5 19. Nxa4 Qe8 20. Nc3 h5 21. Qd1 Rf6 22. Re1 hxg4 23. fxg4 Nxg2 24. Kxg2 Rf4 25. Re3 Bxg4 26. Qg1 Bd7 27. Ne2 Qg6 28. Ng3 Qh7 29. Qh1 Rh4 30. Qg1 g4 31. Re2 Bh6 32. Ndf1 Bf4 33. Rd1 Rb8 34. Rd3 Rh3 35. Rc3 Ba4 36. Rd3 Bb3 37. Rc3 Bd1 38. Rf2 Bf3+ 39. Rcxf3 gxf3+ 40. Rxf3 Rxb2+ 41. Rf2 Rxf2+ 42. Kxf2 Qh4 0-1

[Event "FIDE WYCC Girls U16 2023"]
[Site "Montesilvano"]
[Date "2023.11.21"]
[Round "8.30"]
[White "Bruessow, Nina"]
[Black "Dobsa, Emma"]
[Result "1-0"]
[ECO "C49"]
[WhiteElo "1863"]
[BlackElo "1653"]
[Annotator "NA RC"]
[PlyCount "65"]
[EventDate "2023.11.13"]
[EventType "swiss"]
[EventCountry "ITA"]
[SourceTitle "playchess.com"]
[Source "ChessBase"]
[SourceQuality "1"]
[TimeControl "40/5400+30:1800+30"]

1. e4 e5 2. Nf3 Nc6 3. Nc3 Nf6 4. Bb5 Bb4 5. O-O O-O 6. d3 d6 7. Ne2 Ne7 8. c3 Ba5 9. Ng3 Ng6 10. d4 c6 11. Bd3 Re8 12. h3 Nf4 13. Bc2 Bd7 14. dxe5 dxe5 15. Nxe5 Nxh3+ 16. gxh3 Rxe5 17. f4 Re8 18. Kh2 Bb6 19. e5 Ng4+ 20. Kg2 Nf2 21. Rxf2 Bxh3+ 22. Kxh3 Bxf2 23. Qh5 g6 24. Qe2 Qd7+ 25. Kg2 Bxg3 26. Kxg3 f6 27. e6 Qd6 28. Be3 Kg7 29. Bb3 c5 30. Rd1 Qb6 31. Rd7+ Kh8 32. Qh2 h5 33. f5 1-0

[Event "FIDE WYCC Girls U16 2023"]
[Site "Montesilvano"]
[Date "2023.11.21"]
[Round "8.31"]
[White "Kovacs, Reka"]
[Black "Di Fabio, Sara"]
[Result "0-1"]
[ECO "B11"]
[WhiteElo "1840"]
[BlackElo "1517"]
[Annotator "NA RC"]
[PlyCount "52"]
[EventDate "2023.11.13"]
[EventType "swiss"]
[EventCountry "ITA"]
[SourceTitle "playchess.com"]
[Source "ChessBase"]
[SourceQuality "1"]
[TimeControl "40/5400+30:1800+30"]

1. e4 c6 2. Nc3 d5 3. Nf3 Bg4 4. h3 Bxf3 5. Qxf3 e6 6. d4 Nf6 7. e5 Nfd7 8. Bf4 Qb6 9. O-O-O c5 10. dxc5 Qxc5 11. Nb5 a6 12. Be3 Qc6 13. Nd4 Qa4 14. Kb1 Nxe5 15. Qg3 Nbd7 16. f4 Nc4 17. f5 Nxb2 18. Kxb2 Ba3+ 19. Kc3 Qb4+ 20. Kd3 Qc4+ 21. Kd2 Bb4+ 22. c3 Bxc3+ 23. Kc1 Qxa2 24. Qf2 Qa1+ 25. Kc2 Qb2+ 26. Kd3 Nc5# 0-1

[Event "FIDE WYCC Girls U16 2023"]
[Site "Montesilvano"]
[Date "2023.11.21"]
[Round "8.32"]
[White "Glover, Sharon"]
[Black "Maton, Emily"]
[Result "1/2-1/2"]
[ECO "C18"]
[WhiteElo "1584"]
[BlackElo "1837"]
[Annotator "NA RC"]
[PlyCount "61"]
[EventDate "2023.11.13"]
[EventType "swiss"]
[EventCountry "ITA"]
[SourceTitle "playchess.com"]
[Source "ChessBase"]
[SourceQuality "1"]
[TimeControl "40/5400+30:1800+30"]

1. e4 e6 2. d4 d5 3. Nc3 Bb4 4. e5 c5 5. a3 Bxc3+ 6. bxc3 Ne7 7. Qg4 Qc7 8. Qxg7 Rg8 9. Qxh7 cxd4 10. Ne2 dxc3 11. f4 Nbc6 12. Qd3 d4 13. Nxd4 Nxd4 14. Qxd4 Nf5 15. Bb5+ Bd7 16. Bxd7+ Qxd7 17. Qxd7+ Kxd7 18. Kf2 Kc7 19. a4 Rac8 20. Ra3 Kb8 21. g3 Nd4 22. Ra2 Rc4 23. Be3 Nc6 24. Ra3 Nb4 25. Rc1 Nd5 26. Kf3 Rh8 27. h4 Rg8 28. Bf2 b6 29. Be1 Rgc8 30. Bf2 Rg8 31. Be1 1/2-1/2

[Event "FIDE WYCC Girls U16 2023"]
[Site "Montesilvano"]
[Date "2023.11.21"]
[Round "8.33"]
[White "Bruntse, Caroline Lindegaard"]
[Black "Grimault, Leane"]
[Result "1/2-1/2"]
[ECO "D38"]
[WhiteElo "1568"]
[BlackElo "1814"]
[Annotator "NA RC"]
[PlyCount "78"]
[EventDate "2023.11.13"]
[EventType "swiss"]
[EventCountry "ITA"]
[SourceTitle "playchess.com"]
[Source "ChessBase"]
[SourceQuality "1"]
[TimeControl "40/5400+30:1800+30"]

1. d4 d5 2. c4 e6 3. Nf3 Nf6 4. Nc3 Bb4 5. cxd5 exd5 6. Bg5 h6 7. Bxf6 Qxf6 8. Qb3 Bxc3+ 9. bxc3 c6 10. e3 O-O 11. Bd3 Nd7 12. O-O Qe7 13. Rfe1 Nf6 14. h3 c5 15. Qc2 Re8 16. Rab1 c4 17. Be2 Ne4 18. Qb2 Bf5 19. Rbc1 a6 20. a4 Qd7 21. Ne5 Qc7 22. Bg4 Bxg4 23. Nxg4 Rab8 24. Qb4 b5 25. a5 Qd7 26. Ne5 Qf5 27. f3 Nf6 28. Qd6 Qe6 29. Qxe6 Rxe6 30. Rb1 Rd8 31. Kf2 Ne8 32. Rb2 Nd6 33. Nc6 Rd7 34. Nb4 Nb7 35. Ra2 Kf8 36. Rd1 h5 37. Re1 h4 38. Ree2 f6 39. Re1 Kf7 1/2-1/2

[Event "FIDE WYCC Girls U16 2023"]
[Site "Montesilvano"]
[Date "2023.11.21"]
[Round "8.34"]
[White "Conde Mares, Vanya Briseyda"]
[Black "Field, Rowan Soraya"]
[Result "1-0"]
[ECO "B21"]
[WhiteElo "1566"]
[BlackElo "1810"]
[Annotator "NA RC"]
[PlyCount "95"]
[EventDate "2023.11.13"]
[EventType "swiss"]
[EventCountry "ITA"]
[SourceTitle "playchess.com"]
[Source "ChessBase"]
[SourceQuality "1"]
[TimeControl "40/5400+30:1800+30"]

1. e4 c5 2. d4 cxd4 3. c3 dxc3 4. Nxc3 e6 5. Bf4 Bb4 6. Nf3 Ne7 7. Qd4 Bxc3+ 8. Qxc3 O-O 9. Bc7 Qe8 10. Bd6 f6 11. Bd3 Nbc6 12. O-O b6 13. b4 Rf7 14. b5 Nd8 15. e5 Nd5 16. Qc2 f5 17. Ng5 Bb7 18. Qd2 h6 19. Nxf7 Nxf7 20. Bc4 Nxd6 21. exd6 Nf6 22. f3 Rc8 23. Rac1 Rc5 24. a4 Bd5 25. Bxd5 Nxd5 26. Rxc5 bxc5 27. Qf2 f4 28. Qxc5 Ne3 29. Rf2 Qg6 30. Qc8+ Kh7 31. Qc1 Qd3 32. Rd2 Qb3 33. Qa1 Qc4 34. h4 Qc5 35. Kh2 Qh5 36. Qe1 Nf5 37. Kg1 Ng3 38. Qb1+ g6 39. Qd3 Qxh4 40. Rc2 Qh1+ 41. Kf2 Qb1 42. Qc4 g5 43. Rc1 Qg6 44. Qc7 Qg7 45. Qc3 Qf7 46. Qd4 Nf5 47. Qxa7 Qg7 48. Qxd7 1-0

[Event "FIDE WYCC Girls U16 2023"]
[Site "Montesilvano"]
[Date "2023.11.21"]
[Round "8.35"]
[White "Levchenko, Marina"]
[Black "Davitkova, Jovana"]
[Result "1-0"]
[ECO "D41"]
[WhiteElo "1700"]
[BlackElo "1322"]
[Annotator "NA RC"]
[PlyCount "117"]
[EventDate "2023.11.13"]
[EventType "swiss"]
[EventCountry "ITA"]
[SourceTitle "playchess.com"]
[Source "ChessBase"]
[SourceQuality "1"]
[TimeControl "40/5400+30:1800+30"]

1. d4 Nf6 2. c4 e6 3. Nc3 d5 4. cxd5 Nxd5 5. e4 Nxc3 6. bxc3 c5 7. Nf3 cxd4 8. cxd4 Bb4+ 9. Bd2 Bxd2+ 10. Qxd2 Nd7 11. Bd3 b6 12. O-O Bb7 13. Rac1 O-O 14. Qb4 Nf6 15. Rfe1 Rc8 16. Rxc8 Qxc8 17. Nd2 Rd8 18. Nb3 Qb8 19. Qd2 Bc6 20. Bb1 Qb7 21. f3 Qd7 22. Rd1 a5 23. Qe3 Qb7 24. Nc1 Ba4 25. Rd2 Rc8 26. Ne2 Qc7 27. Bd3 h6 28. g3 Qe7 29. Kf2 Qb4 30. Kg2 Rd8 31. h4 Bc6 32. Rc2 Bb5 33. Bxb5 Qxb5 34. Qb3 Qxb3 35. axb3 Kf8 36. Kf2 Ke7 37. Rc6 Rb8 38. Rc7+ Ke8 39. Nc3 Rd8 40. Nb5 Nd7 41. e5 f6 42. f4 Ra8 43. Rc6 Kf7 44. d5 Nc5 45. dxe6+ Nxe6 46. Rxe6 Kxe6 47. Nc7+ Kf5 48. Nxa8 b5 49. exf6 gxf6 50. Nc7 a4 51. Nxb5 a3 52. Nxa3 Kg4 53. b4 Kf5 54. b5 Ke6 55. b6 Kd7 56. Nc4 Kc6 57. h5 Kd7 58. g4 Kc6 59. g5 1-0